[Event "9th Amsterdam Science Park B 2019"]
[Site "Amsterdam"]
[Date "2019.07.08"]
[Round "3.4"]
[White "Bollaart, Jeroen"]
[Black "Eveleens, Wim"]
[Result "1/2-1/2"]
[ECO "B01"]
[WhiteElo "1950"]
[BlackElo "2005"]
[Annotator "NA"]
[PlyCount "81"]
[EventDate "2019.07.06"]
[EventType "swiss"]
[EventCountry "NED"]
[SourceTitle "playchess.com"]
[Source "ChessBase"]
[SourceQuality "1"]
[TimeControl "40/5400+30:1800+30"]

1. e4 d5 2. exd5 Qxd5 3. Nf3 Nf6 4. Nc3 Qd6 5. d4 c6 6. Bg5 Bg4 7. Be2 Nbd7 8. O-O e6 9. Re1 Be7 10. h3 Bh5 11. Qd2 Qc7 12. Ne5 Bxe2 13. Rxe2 Rd8 14. Qe3 O-O 15. Qf3 Nxe5 16. dxe5 Nd5 17. Bxe7 Nxc3 18. Bxd8 Nxe2+ 19. Qxe2 Rxd8 20. Rd1 Rd5 21. Rxd5 cxd5 22. Qb5 h6 23. c3 a6 24. Qe2 b5 25. f4 Kf8 26. Qd3 g6 27. g4 Qa5 28. a3 Qa4 29. f5 gxf5 30. gxf5 Qf4 31. fxe6 fxe6 32. Qg6 Qg5+ 33. Qxg5 hxg5 34. Kf2 Kg7 35. Kf3 a5 36. b4 a4 37. Kg3 Kh6 38. Kf3 Kh7 39. Kg3 Kg6 40. Kg4 Kh6 41. Kf3 1/2-1/2

[Event "9th Amsterdam Science Park B 2019"]
[Site "Amsterdam"]
[Date "2019.07.08"]
[Round "3.5"]
[White "Van de Kamp, Rob"]
[Black "Markus, John Raymond"]
[Result "1-0"]
[ECO "E67"]
[WhiteElo "1936"]
[BlackElo "1997"]
[Annotator "NA"]
[PlyCount "71"]
[EventDate "2019.07.06"]
[EventType "swiss"]
[EventCountry "NED"]
[SourceTitle "playchess.com"]
[Source "ChessBase"]
[SourceQuality "1"]
[TimeControl "40/5400+30:1800+30"]

1. d4 g6 2. Nf3 Bg7 3. g3 d6 4. Bg2 Nd7 5. c4 Ngf6 6. Nc3 O-O 7. O-O c5 8. e3 a6 9. Qe2 Rb8 10. h3 Qc7 11. a4 b6 12. d5 Re8 13. Rd1 Nf8 14. Qd3 Bb7 15. e4 Rbd8 16. Bf4 Nh5 17. Be3 e5 18. g4 Nf6 19. Qd2 Bc8 20. Bg5 Bd7 21. Nh2 Rb8 22. Bf1 h5 23. Be2 N8h7 24. Bh4 hxg4 25. hxg4 Qc8 26. g5 Nh5 27. Bxh5 gxh5 28. Qe2 Bg4 29. Nxg4 hxg4 30. Kh2 f6 31. g6 Nf8 32. Rg1 Nxg6 33. Rxg4 Nf4 34. Qf3 f5 35. exf5 Qxf5 36. Ne4 1-0

[Event "9th Amsterdam Science Park B 2019"]
[Site "Amsterdam"]
[Date "2019.07.08"]
[Round "3.6"]
[White "De Winter, Arthur"]
[Black "Beugelink, Erik"]
[Result "1/2-1/2"]
[ECO "B19"]
[WhiteElo "1859"]
[BlackElo "1963"]
[Annotator "NA"]
[PlyCount "80"]
[EventDate "2019.07.06"]
[EventType "swiss"]
[EventCountry "NED"]
[SourceTitle "playchess.com"]
[Source "ChessBase"]
[SourceQuality "1"]
[TimeControl "40/5400+30:1800+30"]

1. e4 c6 2. d4 d5 3. Nc3 dxe4 4. Nxe4 Bf5 5. Ng3 Bg6 6. h4 h6 7. Nf3 Nd7 8. h5 Bh7 9. Bd3 Bxd3 10. Qxd3 e6 11. Bd2 Ngf6 12. O-O-O Bd6 13. Ne2 Qc7 14. Kb1 b5 15. Rdg1 Ng4 16. Be1 O-O 17. Nd2 c5 18. Qh3 Ndf6 19. f3 Ne3 20. Bf2 Nfd5 21. Rc1 cxd4 22. g4 Nf4 23. Nxf4 Bxf4 24. Ne4 f5 25. gxf5 exf5 26. Ng3 Qf7 27. Ne2 Qc7 28. Nxd4 Rac8 29. Ne6 Qe5 30. Nxf4 Qxf4 31. Rhe1 Nc4 32. Qg2 Rc6 33. Bg3 Qg5 34. f4 Qf6 35. c3 Ra6 36. Qd5+ Kh7 37. Rcd1 Rd6 38. Qc5 Rc6 39. Qd5 Rd6 40. Qc5 Rc6 1/2-1/2

[Event "9th Amsterdam Science Park B 2019"]
[Site "Amsterdam"]
[Date "2019.07.08"]
[Round "3.7"]
[White "Loos, Jaap"]
[Black "Hofstee, Piet"]
[Result "1/2-1/2"]
[ECO "B50"]
[WhiteElo "1645"]
[BlackElo "1688"]
[Annotator "NA"]
[PlyCount "58"]
[EventDate "2019.07.06"]
[EventType "swiss"]
[EventCountry "NED"]
[SourceTitle "playchess.com"]
[Source "ChessBase"]
[SourceQuality "1"]
[TimeControl "40/5400+30:1800+30"]

1. e4 c5 2. Nf3 d6 3. d4 Nf6 4. Bb5+ Bd7 5. Bxd7+ Nbxd7 6. Qe2 cxd4 7. Nxd4 g6 8. O-O Bg7 9. c3 O-O 10. Be3 a6 11. f3 Rc8 12. Kh1 Qa5 13. Nd2 d5 14. N4b3 Qc7 15. Rad1 dxe4 16. fxe4 Nh5 17. Rf3 Be5 18. Rh3 Nf4 19. Bxf4 Bxf4 20. Nf3 Rfd8 21. g3 Be5 22. Nbd4 Bg7 23. Rf1 e5 24. Ng5 exd4 25. Rxf7 Qe5 26. Rxh7 Qxg5 27. Rhxg7+ Kh8 28. Rh7+ Kg8 29. Rhg7+ Kh8 1/2-1/2

[Event "9th Amsterdam Science Park B 2019"]
[Site "Amsterdam"]
[Date "2019.07.08"]
[Round "3.8"]
[White "Bakkes, Frits"]
[Black "Adavatkar, Rugved"]
[Result "0-1"]
[ECO "B30"]
[WhiteElo "1638"]
[BlackElo "1678"]
[Annotator "NA"]
[PlyCount "104"]
[EventDate "2019.07.06"]
[EventType "swiss"]
[EventCountry "NED"]
[SourceTitle "playchess.com"]
[Source "ChessBase"]
[SourceQuality "1"]
[TimeControl "40/5400+30:1800+30"]

1. e4 c5 2. Nf3 Nc6 3. c3 e5 4. Bb5 d6 5. O-O Nf6 6. d4 cxd4 7. cxd4 a6 8. Bxc6+ bxc6 9. dxe5 Nxe4 10. exd6 Nxd6 11. Re1+ Be7 12. Qe2 Bg4 13. Nc3 Nf5 14. h3 Bxf3 15. Qxf3 Nd4 16. Qe4 f5 17. Qxe7+ Qxe7 18. Rxe7+ Kxe7 19. Bg5+ Kd6 20. Rd1 c5 21. b4 Kc6 22. bxc5 Kxc5 23. Na4+ Kc4 24. Nb6+ Kc5 25. Nxa8 Rxa8 26. Be3 Rd8 27. Kf1 Kc4 28. Rb1 Rd7 29. Rb8 h6 30. Ra8 Rd6 31. Rb8 Nb5 32. Ke1 Nc3 33. Rc8+ Kd3 34. a3 Kc2 35. f3 Rd1+ 36. Kf2 Ra1 37. Bc5 Kd3 38. Bb4 Ra2+ 39. Kg3 Ne2+ 40. Kh4 Nf4 41. Rd8+ Kc4 42. Rd2 Ra1 43. Bd6 g5+ 44. Kg3 Nd3 45. Be7 Re1 46. Bf8 h5 47. Rc2+ Kb3 48. Rd2 Kc3 49. Ra2 Rh1 50. f4 h4+ 51. Kf3 Rf1+ 52. Ke2 Rf2+ {[%emt 0:00:11] Ra1} 0-1

[Event "9th Amsterdam Science Park B 2019"]
[Site "Amsterdam"]
[Date "2019.07.08"]
[Round "3.9"]
[White "Boons, Joris"]
[Black "Jongsma, Kees"]
[Result "1-0"]
[ECO "B49"]
[WhiteElo "1512"]
[BlackElo "1381"]
[Annotator "NA"]
[PlyCount "87"]
[EventDate "2019.07.06"]
[EventType "swiss"]
[EventCountry "NED"]
[SourceTitle "playchess.com"]
[Source "ChessBase"]
[SourceQuality "1"]
[TimeControl "40/5400+30:1800+30"]

1. e4 c5 2. Nf3 e6 3. d4 cxd4 4. Nxd4 Nc6 5. Nc3 Qc7 6. Be3 a6 7. Be2 b5 8. O-O Nf6 9. a3 Be7 10. f4 Nxd4 11. Qxd4 d6 12. Rad1 O-O 13. e5 dxe5 14. fxe5 Nd7 15. Ne4 Qxe5 16. Qxe5 Nxe5 17. Bc5 Ng6 18. Bf3 Bxc5+ 19. Nxc5 Ra7 20. Rd6 Ne7 21. Rfd1 Rc7 22. b4 g6 23. Kf2 Nd5 24. Bxd5 exd5 25. R1xd5 Re8 26. Rd8 Rce7 27. Rxe8+ Rxe8 28. Rd6 Be6 29. Rxa6 Bc4 30. Nd3 Rd8 31. Ke3 Kg7 32. Ne5 Re8 33. Kd4 Bf1 34. Ra7 Rd8+ 35. Kc5 Rc8+ 36. Kb6 Bc4 37. Nxc4 bxc4 38. a4 Rd8 39. a5 Rd2 40. a6 Rxc2 41. Rc7 c3 42. a7 Ra2 43. Rxc3 Ra4 44. b5 1-0

[Event "9th Amsterdam Science Park B 2019"]
[Site "Amsterdam"]
[Date "2019.07.08"]
[Round "3.10"]
[White "Belozerova, Olga"]
[Black "Hospes, Peter"]
[Result "1-0"]
[ECO "A40"]
[WhiteElo "1276"]
[BlackElo "1474"]
[Annotator "NA"]
[PlyCount "53"]
[EventDate "2019.07.06"]
[EventType "swiss"]
[EventCountry "NED"]
[SourceTitle "playchess.com"]
[Source "ChessBase"]
[SourceQuality "1"]
[TimeControl "40/5400+30:1800+30"]

1. d4 b5 2. Nf3 Bb7 3. e3 a6 4. Bd3 Nf6 5. Nbd2 e6 6. c4 c6 7. O-O Be7 8. b3 d6 9. Bb2 h5 10. e4 Nbd7 11. h3 Qc7 12. Qc2 b4 13. e5 dxe5 14. dxe5 Ng8 15. Ne4 c5 16. Nd6+ Bxd6 17. exd6 Qxd6 18. Bxg7 Bxf3 19. Be4 Bxg2 20. Bxg2 O-O-O 21. Bxh8 e5 22. Qe4 Re8 23. Rad1 Qc7 24. Qc6 Re6 25. Qxc7+ Kxc7 26. f4 Rh6 27. Bxe5+ 1-0

[Event "9th Amsterdam Science Park B 2019"]
[Site "Amsterdam"]
[Date "2019.07.09"]
[Round "4.1"]
[White "Emans, Job"]
[Black "Van de Kamp, Rob"]
[Result "1/2-1/2"]
[ECO "D45"]
[WhiteElo "1989"]
[BlackElo "1936"]
[Annotator "NA"]
[PlyCount "92"]
[EventDate "2019.07.06"]
[EventType "swiss"]
[EventCountry "NED"]
[SourceTitle "playchess.com"]
[Source "ChessBase"]
[SourceQuality "1"]
[TimeControl "40/5400+30:1800+30"]

1. d4 d5 2. c4 c6 3. Nc3 Nf6 4. Nf3 e6 5. e3 Nbd7 6. Qc2 a6 7. a4 Bb4 8. Bd2 Qe7 9. Bd3 O-O 10. O-O h6 11. Rfe1 e5 12. dxe5 Nxe5 13. Nxe5 Qxe5 14. Nxd5 Nxd5 15. cxd5 Bxd2 16. Qxd2 Qxd5 17. Qc2 Be6 18. e4 Qd4 19. Red1 Qb4 20. Ra3 Rfd8 21. f4 f6 22. Qe2 Rd4 23. f5 Bf7 24. Rf1 Rad8 25. e5 fxe5 26. f6 e4 27. Qg4 g6 28. Bb1 e3 29. Qg3 e2 30. Bxg6 exf1=Q+ 31. Kxf1 Rg4 32. Bxf7+ Kxf7 33. Qc7+ Kg6 34. Qg7+ Kf5 35. Qh7+ Ke5 36. Re3+ Re4 37. Rxe4+ Qxe4 38. Qe7+ Kf5 39. Qxd8 Qb1+ 40. Kf2 Qxb2+ 41. Kg1 Qxf6 42. Qd3+ Ke6 43. Qb3+ Kd6 44. Qxb7 Qd4+ 45. Kf1 Qxa4 46. Qb8+ Kd7 1/2-1/2

[Event "9th Amsterdam Science Park B 2019"]
[Site "Amsterdam"]
[Date "2019.07.09"]
[Round "4.2"]
[White "Duson, Robin"]
[Black "Van der Eyk, Dick"]
[Result "1/2-1/2"]
[ECO "D26"]
[WhiteElo "1936"]
[BlackElo "1949"]
[Annotator "NA"]
[PlyCount "42"]
[EventDate "2019.07.06"]
[EventType "swiss"]
[EventCountry "NED"]
[SourceTitle "playchess.com"]
[Source "ChessBase"]
[SourceQuality "1"]
[TimeControl "40/5400+30:1800+30"]

1. d4 d5 2. c4 dxc4 3. Nf3 Nf6 4. e3 e6 5. Bxc4 c5 6. O-O Nc6 7. Nc3 a6 8. Bb3 b5 9. a4 b4 10. Nb1 cxd4 11. exd4 Be7 12. Bg5 O-O 13. Qd3 Bb7 14. Nbd2 Nd5 15. Ne4 h6 16. Bxe7 Ncxe7 17. Nc5 Nf4 18. Nxb7 Nxd3 19. Nxd8 Rfxd8 20. g3 Rac8 21. Ne5 Nxe5 1/2-1/2

[Event "9th Amsterdam Science Park B 2019"]
[Site "Amsterdam"]
[Date "2019.07.09"]
[Round "4.3"]
[White "Dambrink, Wouter"]
[Black "Sterrenburg, Kees"]
[Result "1-0"]
[ECO "A46"]
[WhiteElo "1931"]
[BlackElo "1947"]
[Annotator "NA"]
[PlyCount "71"]
[EventDate "2019.07.06"]
[EventType "swiss"]
[EventCountry "NED"]
[SourceTitle "playchess.com"]
[Source "ChessBase"]
[SourceQuality "1"]
[TimeControl "40/5400+30:1800+30"]

1. d4 Nf6 2. Nf3 d6 3. c4 Bf5 4. Qb3 Qc8 5. g3 Nc6 6. d5 Nb8 7. Nc3 Nbd7 8. Nd4 Nc5 9. Qd1 Bh3 10. b4 Bxf1 11. Rxf1 e5 12. bxc5 exd4 13. Qxd4 dxc5 14. Qe5+ Kd7 15. e4 Bd6 16. Qg5 Qe8 17. f4 h6 18. Qf5+ Kd8 19. Kf2 Be7 20. e5 g6 21. Qd3 Nh5 22. Rb1 Rb8 23. Nb5 Qd7 24. Nxa7 Ke8 25. e6 Qa4 26. Nc6 Qxa2+ 27. Rb2 Qa8 28. exf7+ Kxf7 29. Nxe7 Qa6 30. Re1 Ng7 31. Rbe2 Rbd8 32. Re6 Qxe6 33. Rxe6 Nxe6 34. Qxg6+ Kxe7 35. Qxe6+ Kf8 36. Qf6+ 1-0

[Event "9th Amsterdam Science Park B 2019"]
[Site "Amsterdam"]
[Date "2019.07.09"]
[Round "4.4"]
[White "Eveleens, Wim"]
[Black "Aalten, Evert"]
[Result "1/2-1/2"]
[ECO "A36"]
[WhiteElo "2005"]
[BlackElo "1931"]
[Annotator "NA"]
[PlyCount "71"]
[EventDate "2019.07.06"]
[EventType "swiss"]
[EventCountry "NED"]
[SourceTitle "playchess.com"]
[Source "ChessBase"]
[SourceQuality "1"]
[TimeControl "40/5400+30:1800+30"]

1. g3 c5 2. c4 g6 3. Nc3 Nc6 4. Bg2 Bg7 5. d3 a6 6. a4 Nf6 7. e4 O-O 8. Nge2 d6 9. O-O Rb8 10. h3 Ne8 11. Be3 Nc7 12. d4 cxd4 13. Nxd4 Ne6 14. Nde2 Bd7 15. Qd2 Nc5 16. Rab1 Nb4 17. b3 b6 18. Bd4 a5 19. Bxg7 Kxg7 20. Nd4 Ne6 21. Nd5 Nc6 22. Nxe6+ fxe6 23. Ne3 Qc7 24. f4 Nb4 25. Rbd1 Qc5 26. Kh2 Rbd8 27. g4 g5 28. Qc3+ Kg8 29. f5 Na2 30. Qb2 Nb4 31. Qc3 Na2 32. Qd4 Qxd4 33. Rxd4 Nb4 34. fxe6 Rxf1 35. Bxf1 Bxe6 36. Rd2 1/2-1/2

[Event "9th Amsterdam Science Park B 2019"]
[Site "Amsterdam"]
[Date "2019.07.09"]
[Round "4.5"]
[White "Sula, Avni"]
[Black "Gutmann, Alois"]
[Result "0-1"]
[ECO "A40"]
[WhiteElo "1978"]
[BlackElo "2036"]
[Annotator "NA"]
[PlyCount "118"]
[EventDate "2019.07.06"]
[EventType "swiss"]
[EventCountry "NED"]
[SourceTitle "playchess.com"]
[Source "ChessBase"]
[SourceQuality "1"]
[TimeControl "40/5400+30:1800+30"]

1. d4 e6 2. Nf3 f5 3. Bf4 Nf6 4. e3 b6 5. h3 Bb7 6. Nbd2 Be7 7. g4 Ne4 8. gxf5 Nxd2 9. Kxd2 exf5 10. Rg1 Bf6 11. Bc4 Qe7 12. Kc1 Nc6 13. Bd5 O-O-O 14. c3 Na5 15. Bxb7+ Nxb7 16. Be5 Kb8 17. Bxf6 gxf6 18. Qd3 Nd6 19. Nh4 Rhg8 20. Kc2 Qe6 21. Ng2 Qf7 22. Qe2 Rg7 23. Nf4 Rxg1 24. Rxg1 Qxa2 25. Rg7 Rg8 26. Rxg8+ Qxg8 27. Qh5 a5 28. d5 a4 29. c4 Kb7 30. Qe2 Qe8 31. Kc3 Ne4+ 32. Kc2 Nc5 33. Qd1 Qe4+ 34. Kc3 Qe5+ 35. Kc2 Qe4+ 36. Kc3 Qe5+ 37. Kc2 Ne4 38. Nd3 Qh2 39. Kb1 Qxh3 40. Nf4 Qf1 41. Qxf1 Nd2+ 42. Kc2 Nxf1 43. Kd3 Nh2 44. Nh5 Ng4 45. Kd4 Nxf2 46. Nxf6 h6 47. Nh5 Nd1 48. Ng3 Nxb2 49. Nxf5 a3 50. Kc3 Nxc4 51. Kb3 h5 52. Ka2 b5 53. e4 Kb6 54. e5 Nxe5 55. Kxa3 Nf3 56. Kb4 h4 57. Ne3 h3 58. Nf5 h2 59. Ng3 Ng1 0-1

[Event "9th Amsterdam Science Park B 2019"]
[Site "Amsterdam"]
[Date "2019.07.09"]
[Round "4.6"]
[White "Beugelink, Erik"]
[Black "Roemersma, Aad"]
[Result "0-1"]
[ECO "A04"]
[WhiteElo "1963"]
[BlackElo "2029"]
[Annotator "NA"]
[PlyCount "131"]
[EventDate "2019.07.06"]
[EventType "swiss"]
[EventCountry "NED"]
[SourceTitle "playchess.com"]
[Source "ChessBase"]
[SourceQuality "1"]
[TimeControl "40/5400+30:1800+30"]

1. Nf3 c5 2. c4 Nf6 3. g3 g6 4. b3 Bg7 5. Bb2 O-O 6. Bg2 Nc6 7. O-O d6 8. d3 Rb8 9. Nbd2 e5 10. h3 Nh5 11. e4 Bh6 12. Nh4 Be6 13. Kh2 Ng7 14. Ndf3 g5 15. Bc1 f6 16. g4 Qd7 17. Nf5 Nxf5 18. gxf5 Bf7 19. Nd2 Nd4 20. Nb1 Qe8 21. Bf3 Bg7 22. Nc3 a6 23. Be3 b5 24. Rg1 b4 25. Nd5 Bxd5 26. cxd5 Qb5 27. Bh5 Rfc8 28. h4 h6 29. hxg5 hxg5 30. Qd2 Rb7 31. Rg3 Bh6 32. Rag1 Rg7 33. Qd1 Kf8 34. Bg6 Ke7 35. Rh3 Rh8 36. Rxg5 fxg5 37. Bxg5+ Bxg5 38. Rxh8 Bf6 39. Rh3 Qb8 40. Kg2 Qf8 41. Kf1 Kd8 42. Qc1 Kc7 43. Ke1 Kb6 44. Kd1 Rg8 45. Qe3 Rh8 46. Kc1 Rxh3 47. Qxh3 Qh8 48. Bh7 Be7 49. Qh5 Kc7 50. Kb2 Qg7 51. Bg6 Qf6 52. Qh2 Qh4 53. Qg2 Qg5 54. Qxg5 Bxg5 55. Bh5 Kd8 56. Bd1 Ke7 57. a4 Kf6 58. Bh5 a5 59. Be8 Bh4 60. Bh5 Bxf2 61. Be8 Kg5 62. Bd7 Bh4 63. Bc8 Kf4 64. Bd7 Ke3 65. Bb5 Kd2 66. Bc4 0-1

[Event "9th Amsterdam Science Park B 2019"]
[Site "Amsterdam"]
[Date "2019.07.09"]
[Round "4.7"]
[White "Adavatkar, Rugved"]
[Black "Smeets, Kobe"]
[Result "1-0"]
[ECO "A16"]
[WhiteElo "1678"]
[BlackElo "1530"]
[Annotator "NA"]
[PlyCount "127"]
[EventDate "2019.07.06"]
[EventType "swiss"]
[EventCountry "NED"]
[SourceTitle "playchess.com"]
[Source "ChessBase"]
[SourceQuality "1"]
[TimeControl "40/5400+30:1800+30"]

1. c4 Nf6 2. Nc3 g6 3. g3 Bg7 4. Bg2 O-O 5. Nf3 d6 6. O-O e5 7. e4 Nc6 8. d3 h6 9. Be3 Ng4 10. Qd2 Nxe3 11. fxe3 Be6 12. Rac1 Ne7 13. Nh4 c6 14. b3 Qd7 15. d4 Bh3 16. Rf2 Bxg2 17. Kxg2 Rad8 18. d5 c5 19. Rcf1 a6 20. a4 Qg4 21. h3 Qh5 22. Ne2 f5 23. Qd3 fxe4 24. Qxe4 g5 25. Nf3 Qg6 26. Nc3 Qxe4 27. Nxe4 Nf5 28. Re1 Bf6 29. g4 Ng7 30. Nfd2 Be7 31. Ref1 Rxf2+ 32. Rxf2 Rf8 33. Ng3 Rxf2+ 34. Kxf2 Kf7 35. Nde4 b6 36. Kf3 Kg6 37. Nf2 h5 38. e4 h4 39. Nf5 Bf8 40. Nd3 Kf7 41. b4 Kf6 42. Ne3 Ne8 43. a5 bxa5 44. b5 axb5 45. cxb5 Ke7 46. b6 Kd7 47. Nc4 a4 48. Ndb2 a3 49. Nxa3 Be7 50. Nb5 Kc8 51. Nc4 Kb7 52. Ke3 Bf8 53. Kd3 Be7 54. Kc3 Bf8 55. Kb3 Be7 56. Ka4 Bf8 57. Ka5 Be7 58. Nc3 Nf6 59. Kb5 Nd7 60. Na5+ Ka8 61. Kc6 Nb8+ 62. Kc7 c4 63. Nc6 Na6+ 64. Kc8 1-0

[Event "9th Amsterdam Science Park B 2019"]
[Site "Amsterdam"]
[Date "2019.07.09"]
[Round "4.8"]
[White "Hofstee, Piet"]
[Black "Cohn, Samuel"]
[Result "0-1"]
[ECO "B44"]
[WhiteElo "1688"]
[BlackElo "1679"]
[Annotator "NA"]
[PlyCount "130"]
[EventDate "2019.07.06"]
[EventType "swiss"]
[EventCountry "NED"]
[SourceTitle "playchess.com"]
[Source "ChessBase"]
[SourceQuality "1"]
[TimeControl "40/5400+30:1800+30"]

1. e4 c5 2. d4 cxd4 3. Nf3 Nc6 4. Nxd4 e6 5. Be2 Nf6 6. Nc3 Qc7 7. O-O a6 8. Be3 Bb4 9. Nxc6 Bxc3 10. bxc3 bxc6 11. Qd4 d5 12. exd5 cxd5 13. Bf4 Qe7 14. c4 dxc4 15. Bf3 Bb7 16. Bd6 Qd7 17. Bxb7 Qxb7 18. Qxc4 Rc8 19. Rab1 Qa8 20. Qa4+ Nd7 21. Qh4 f6 22. Rfd1 Rxc2 23. Qh5+ g6 24. Qg4 Kf7 25. Bf4 Rd8 26. Qh4 h5 27. Qh3 Qe4 28. Be3 Rxa2 29. Qg3 e5 30. h3 Ra3 31. Ra1 Rxa1 32. Rxa1 h4 33. Qg4 Qxg4 34. hxg4 Ra8 35. Ra5 Ke6 36. Kf1 Nb8 37. Ke2 Nc6 38. Ra4 g5 39. Kd3 Kd5 40. Kc3 Rc8 41. Kd3 Rb8 42. Kc3 a5 43. Kc2 Nb4+ 44. Kd2 Rb5 45. Kc3 Nc6 46. Ra2 Nd4 47. Kd2 Nb3+ 48. Kd3 Nc5+ 49. Kc3 Ne4+ 50. Kd3 Nd6 51. Ra4 Kc6 52. Ra3 Rd5+ 53. Kc2 Nb5 54. Ra4 Nd4+ 55. Kc3 Kb5 56. Ra2 Rc5+ 57. Kd3 Rc4 58. Bd2 a4 59. Bc3 Nb3 60. Rb2 Rxg4 61. f3 Rc4 62. Kc2 f5 63. Kd3 e4+ 64. fxe4 fxe4+ 65. Kc2 g4 0-1

[Event "9th Amsterdam Science Park B 2019"]
[Site "Amsterdam"]
[Date "2019.07.09"]
[Round "4.9"]
[White "Belozerova, Olga"]
[Black "Boons, Joris"]
[Result "0-1"]
[ECO "A48"]
[WhiteElo "1276"]
[BlackElo "1512"]
[Annotator "NA"]
[PlyCount "72"]
[EventDate "2019.07.06"]
[EventType "swiss"]
[EventCountry "NED"]
[SourceTitle "playchess.com"]
[Source "ChessBase"]
[SourceQuality "1"]
[TimeControl "40/5400+30:1800+30"]

1. d4 Nf6 2. Nf3 g6 3. Nc3 d5 4. Bf4 Bg7 5. Nb5 Na6 6. e3 O-O 7. Bd3 Nh5 8. Be5 f6 9. Bg3 Nxg3 10. fxg3 c6 11. Nc3 Nc7 12. h4 e5 13. dxe5 fxe5 14. e4 b5 15. Qe2 b4 16. Na4 Bg4 17. O-O-O Qd6 18. Bc4 Rad8 19. Qe3 Kh8 20. exd5 cxd5 21. Be2 d4 22. Qb3 Ne6 23. Qd3 Bf5 24. Qb3 Rc8 25. Bc4 Nc5 26. Nxc5 Bh6+ 27. Nd2 Qxc5 28. Bd3 e4 29. g4 exd3 30. gxf5 Qxc2+ 31. Qxc2 Rxc2+ 32. Kb1 Rxd2 33. fxg6 Rff2 34. gxh7 Rxb2+ 35. Ka1 Rxa2+ 36. Kb1 Rfb2# 0-1

[Event "9th Amsterdam Science Park B 2019"]
[Site "Amsterdam"]
[Date "2019.07.09"]
[Round "4.10"]
[White "Yung, Aeron"]
[Black "Van Duijl, Henri"]
[Result "0-1"]
[ECO "D09"]
[WhiteElo "1200"]
[BlackElo "1495"]
[Annotator "NA"]
[PlyCount "56"]
[EventDate "2019.07.06"]
[EventType "swiss"]
[EventCountry "NED"]
[SourceTitle "playchess.com"]
[Source "ChessBase"]
[SourceQuality "1"]
[TimeControl "40/5400+30:1800+30"]

1. d4 d5 2. c4 e5 3. dxe5 d4 4. Nf3 Nc6 5. g3 Bf5 6. Bg2 Qd7 7. Nbd2 O-O-O 8. O-O f6 9. Qb3 Bh3 10. exf6 Bxg2 11. Kxg2 Nxf6 12. Rd1 h5 13. Ng5 Re8 14. Ndf3 Bc5 15. Qb5 Qe7 16. Bd2 a6 17. Qb3 Ng4 18. Re1 Nge5 19. Nxe5 Nxe5 20. Ne4 h4 21. Bg5 h3+ 22. Kf1 Qf8 23. Nxc5 Qxc5 24. Rad1 Rhf8 25. f4 Ng4 26. Kg1 Ne3 27. Rd3 Qc6 28. Rxe3 Qg2# 0-1

[Event "9th Amsterdam Science Park B 2019"]
[Site "Amsterdam"]
[Date "2019.07.10"]
[Round "5.1"]
[White "Van der Eyk, Dick"]
[Black "Dambrink, Wouter"]
[Result "0-1"]
[ECO "A34"]
[WhiteElo "1949"]
[BlackElo "1931"]
[Annotator "NA"]
[PlyCount "50"]
[EventDate "2019.07.06"]
[EventType "swiss"]
[EventCountry "NED"]
[SourceTitle "playchess.com"]
[Source "ChessBase"]
[SourceQuality "1"]
[TimeControl "40/5400+30:1800+30"]

1. c4 c5 2. Nc3 Nf6 3. g3 d5 4. cxd5 Nxd5 5. Bg2 Nc7 6. Nf3 Nc6 7. O-O e5 8. d3 Be7 9. Be3 O-O 10. Rc1 Bd7 11. Re1 Rc8 12. b3 Ne6 13. Nd5 Bd6 14. Nd2 f5 15. Nc4 Bb8 16. a4 f4 17. Bd2 Ncd4 18. Be4 f3 19. exf3 Bc6 20. Nce3 Ng5 21. Kg2 Qd7 22. g4 Ngxf3 23. Rh1 Qf7 24. Nf5 Nxf5 25. gxf5 Nxd2 0-1

[Event "9th Amsterdam Science Park B 2019"]
[Site "Amsterdam"]
[Date "2019.07.10"]
[Round "5.2"]
[White "Gutmann, Alois"]
[Black "Duson, Robin"]
[Result "0-1"]
[ECO "A00"]
[WhiteElo "2036"]
[BlackElo "1936"]
[Annotator "NA"]
[PlyCount "72"]
[EventDate "2019.07.06"]
[EventType "swiss"]
[EventCountry "NED"]
[SourceTitle "playchess.com"]
[Source "ChessBase"]
[SourceQuality "1"]
[TimeControl "40/5400+30:1800+30"]

1. Nc3 d5 2. e4 d4 3. Nce2 e5 4. Ng3 Be6 5. Nf3 f6 6. c3 d3 7. Nxe5 fxe5 8. Qh5+ Bf7 9. Qxe5+ Qe7 10. Qb5+ c6 11. Qxd3 Nd7 12. Qc2 g6 13. d4 Bg7 14. Be3 Ngf6 15. Be2 O-O 16. h4 c5 17. e5 Nd5 18. Bg5 Qe6 19. Qe4 h5 20. O-O Rfe8 21. Rac1 Rac8 22. f4 cxd4 23. cxd4 Rxc1 24. Rxc1 Qb6 25. Bc4 N7f6 26. Qd3 Ng4 27. Bb3 Bf8 28. Ne4 Be7 29. Bxe7 Rxe7 30. Rc8+ Kg7 31. Nd6 Nxf4 32. Qd2 Rxe5 33. Rc5 Ne2+ 34. Kh1 Ng3+ 35. Kg1 Rxc5 36. Nxf7 Rc1+ 0-1

[Event "9th Amsterdam Science Park B 2019"]
[Site "Amsterdam"]
[Date "2019.07.10"]
[Round "5.3"]
[White "Van de Kamp, Rob"]
[Black "Roemersma, Aad"]
[Result "0-1"]
[ECO "A88"]
[WhiteElo "1936"]
[BlackElo "2029"]
[Annotator "NA"]
[PlyCount "108"]
[EventDate "2019.07.06"]
[EventType "swiss"]
[EventCountry "NED"]
[SourceTitle "playchess.com"]
[Source "ChessBase"]
[SourceQuality "1"]
[TimeControl "40/5400+30:1800+30"]

1. d4 f5 2. Nf3 Nf6 3. c4 g6 4. Nc3 Bg7 5. g3 O-O 6. Bg2 d6 7. O-O c6 8. Qb3 Na6 9. Rd1 Qe8 10. Bf4 c5 11. d5 Nc7 12. Qc2 b5 13. cxb5 Nxb5 14. Rab1 Rb8 15. Nxb5 Qxb5 16. Nd2 Ba6 17. b3 Qd7 18. Nc4 Rb4 19. Bd2 Rb7 20. Bc3 Bxc4 21. bxc4 Rfb8 22. h3 Qc7 23. a4 Nh5 24. Be1 Nf6 25. f4 Qd7 26. Kh2 Rxb1 27. Rxb1 Rxb1 28. Qxb1 Qxa4 29. Qb7 Kf7 30. e4 Nxe4 31. g4 Nf6 32. Bh4 Qd7 33. Qc6 Ke8 34. Qa8+ Kf7 35. Qc6 Qe8 36. gxf5 gxf5 37. Bxf6 Bxf6 38. Bf3 Kf8 39. Bd1 Qb8 40. Bc2 Qb2 41. Qc8+ Kf7 42. Qxf5 a5 43. Kg3 Qc3+ 44. Kg4 Qxc4 45. Qxh7+ Kf8 46. Be4 Qe2+ 47. Kf5 Qa6 48. Kg6 Ke8 49. Bf5 Kd8 50. Qg8+ Kc7 51. Qe8 Qb7 52. Qd7+ Kb6 53. Bd3 Qxd7 54. Bf5 Qb7 0-1

[Event "9th Amsterdam Science Park B 2019"]
[Site "Amsterdam"]
[Date "2019.07.10"]
[Round "5.4"]
[White "Aalten, Evert"]
[Black "Emans, Job"]
[Result "1/2-1/2"]
[ECO "A05"]
[WhiteElo "1931"]
[BlackElo "1989"]
[Annotator "NA"]
[PlyCount "45"]
[EventDate "2019.07.06"]
[EventType "swiss"]
[EventCountry "NED"]
[SourceTitle "playchess.com"]
[Source "ChessBase"]
[SourceQuality "1"]
[TimeControl "40/5400+30:1800+30"]

1. Nf3 Nf6 2. c4 e6 3. g3 b6 4. Bg2 Bb7 5. O-O Be7 6. Nc3 O-O 7. d4 Ne4 8. Nxe4 Bxe4 9. Ne1 Bxg2 10. Nxg2 d5 11. Qa4 Nd7 12. cxd5 exd5 13. Qc6 Nf6 14. Bf4 Rc8 15. Rac1 Ne8 16. Ne1 g5 17. Be3 f5 18. Nd3 Rf6 19. Qa4 Rd6 20. Rc6 Bf6 21. Rfc1 Kg7 22. a3 a5 23. f4 1/2-1/2